[Event "Championnat du monde jeunes U12F"]
[Date "2024.11.22"]
[White "Bohatyrova, Mariia"]
[Black "Stepankova, Linda"]
[WhiteElo "1722"]
[BlackElo "1624"]
[Round "7.24"]
[Result "1-0"]
[TimeControl "5400+30"]

1. d4 d5 2. c4 e6 3. Nf3 c6 4. Nc3 Bd6 5. g3 f5 6. Bg5 Nf6 7. e3 O-O 8. Bf4 Ne4 9. Bxd6 Qxd6 10. Ne5 Bd7 11. Qb3 Qc7 12. Be2 Be8 13. Rc1 Qb6 14. Rc2 Nd7 15. Nxd7 Bxd7 16. O-O Be8 17. Rfc1 Bg6 18. Na4 Qxb3 19. axb3 Rfe8 20. b4 a6 21. Nc5 Re7 22. cxd5 exd5 23. Nd3 Be8 24. Ne5 g6 25. Kg2 a5 26. Ra1 a4 27. f3 Nd6 28. Rc3 Nf7 29. Nxf7 Kxf7 30.
Bd1 b5 31. Rca3 Kf6 32. Kf2 Rb7 33. b3 Rab8 34. Bc2 axb3 35.
Bxb3 h6 36. Bc2 g5 37. Ra7 Bg6 38. Rxb7 Rxb7 39. Ra6 Rc7 40. Bb3 Bf7 41. Bc2 Bg6 42. Bd3 Kf7 43. h4 Kg7 44. hxg5 hxg5 45. g4 f4 46. e4 dxe4 47. Bxe4 Bxe4 48. fxe4 Kf7 49. Kf3 Rd7 50. Rxc6 Rxd4 51. Rc5 Kf6 52. Rxb5 Rd3+ 53. Kf2 Re3 54. Rf5+ Kg6 55. e5 Rb3 56. Rf6+ Kg7 57. Rb6 Kf7 58. b5 Ke7 59. Rg6 Rxb5 60. Rxg5 Ke6 61. Rg6+ Ke7 62. e6 Rb4 63. Kf3 Ra4 64. g5 Ra3+ 65. Kxf4 Ra1 66. Rh6 Rf1+ 67. Kg4 Rg1+ 68. Kf5 Rf1+ 69. Kg6 Kxe6 70. Kh7+ Ke7 71. g6 Ra1 72. g7 Ra8
73. g8=Q 1-0

[Variant "Standard"]
[Site "Europe Echecs"]

[Event "Championnat du monde jeunes U12F"]
[Date "2024.11.22"]
[White "Saharkar, Sharvari"]
[Black "Xia, Miaoyan"]
[WhiteElo "1581"]
[BlackElo "1711"]
[Round "7.25"]
[Result "0-1"]
[TimeControl "5400+30"]

1. e4 e5 2. Nf3 Nc6 3. Bc4 Nf6 4. d3 Be7 5. O-O O-O 6. Re1 d6 7. a4 Na5 8. Ba2 c5 9. Nc3 Nc6 10. Bc4 Bg4 11. h3 Bh5 12. Be3 Nd4 13. Bxd4 cxd4 14. Nd5 Nxd5 15. Bxd5 Rb8 16. c3 Bf6 17. Rc1 dxc3 18. Rxc3 b6 19. Qe2 Rc8 20. Rec1 Rc5 21. Qe3 Qd7 22. Rxc5 bxc5 23. b3 h6 24. Rc4 Rb8 25. Rc3 Kf8 26. Bc4 Rb6 27. Bb5 Qe7 28. b4 Bxf3 29. bxc5 dxc5 30. Rxc5 Rb8 31. Qc1 Be2 32. Rc7 Qd8 33. Rxa7 Rc8 34. Qe3 Qd4 35. Bc4 Qxe3 36. Rxf7+ Ke8 37. fxe3 Rxc4 38. dxc4 Kxf7 39. c5 Bd8 40. Kf2 Bd1 41. Kg3 Bxa4 42. Kg4 Be7 43. Kf5 Bxc5 44. Kxe5 Bxe3 45. Kd6 Bf4+ 46.
e5 Kg6 47. Kd5 Bb3+ 48. Ke4 Bh2 49.
Kd4 Kf5 50. g4+ Ke6 51. Kc3 Bd5 52. Kd3 Bxe5 53. Ke3 Bg2 54. h4 Bh3 55. Kf3 Kf6 56. h5 Kg5 57. Ke4 Bxg4 58. Kxe5 Kxh5 59. Kf4 g5+ 60. Kg3 Bc8 61. Kh2 Kh4 62. Kg2 g4 63. Kh2 g3+ 64. Kg2 Kg4 65. Kg1 Kf3 66. Kh1 g2+ 67. Kg1 Ba6 68. Kh2 Kf2 0-1

[Variant "Standard"]
[Site "Europe Echecs"]

[Event "Championnat du monde jeunes U12F"]
[Date "2024.11.22"]
[White "Tursunalieva, Nurelina"]
[Black "Huang, Lucia"]
[WhiteElo "1701"]
[BlackElo "1621"]
[Round "7.26"]
[Result "1-0"]
[TimeControl "5400+30"]

1. e4 e5 2. Nf3 Nc6 3. Bc4 Bc5 4. b4 Bxb4 5. c3 Be7 6. d4 exd4 7. cxd4 d6 8. Qb3 Na5 9. Bxf7+ Kf8 10. Qa4 Kxf7 11. Qxa5 h6 12. Qd2 Nf6 13. Nc3 c6 14. e5 Nd5 15. Nxd5 cxd5 16. Qf4+ Ke8 17. h4 Be6 18. O-O Qd7 19. Re1 Rc8 20. Ba3 Rc6 21. exd6 Bxd6 22. Bxd6 Rxd6 23. Ne5 Rf8 24. Qg3 Qd8 25. Qg6+ Ke7 26. Qxg7+ Ke8 27. Ng6 Rf6 28. Rac1 Rc6 29. Rxc6 bxc6 30. Ne5 Qe7 31. Qh8+ Qf8 32. Qxf8+ Kxf8 33. Nxc6 a6 34. Rb1 Bf5 35. Rb8+ Kg7 36. Nb4 Rd6 37. Ra8 Bb1 38. a3 Kg6 39. Rxa6 Rxa6 40. Nxa6 Kf5 41. Nc5 Kf6 42. a4 Ba2 43. a5 Bc4 44. a6 Bb5 45. a7 Bc6 46. Nd7+ Kf5 47. f3 Kf4 48. Kf2 Bb7 49. Nb6 h5 50. a8=Q Bxa8 51. Nxa8 Kf5 52. Nb6 Ke6 53. g4 hxg4 54. fxg4 Kd6 55. h5 Kc6 56. h6 Kxb6 57. h7 Kb5 58. h8=Q Kc4 59. g5 Kd3 60. g6 Ke4 61. Qe5+ Kd3 62. g7 Kc4 63. g8=Q Kd3 64. Qgxd5 Kc3 65. Qe3+ Kc2 66. Qdb3# 1-0

[Variant "Standard"]
[Site "Europe Echecs"]

[Event "Championnat du monde jeunes U12F"]
[Date "2024.11.22"]
[White "Ahmed Mohamed, Zakaa"]
[Black "Liang, Candice"]
[WhiteElo "1866"]
[BlackElo "1551"]
[Round "7.27"]
[Result "1-0"]
[TimeControl "5400+30"]

1. e4 c5 2. Nc3 Nc6 3. f4 g6 4. Bc4 e6 5. f5 exf5 6. d3 fxe4 7. dxe4 Bg7 8. Nf3 Nf6 9. O-O O-O 10. Bf4 Na5 11. Be2 Qb6 12. Bd6 c4+ 13. Kh1 Re8 14. e5 Ng4 15. Nd5 Nf2+ 16. Rxf2 Qxf2 17. Nc7 b5 18. Nxe8 Bb7 19. Nf6+ Bxf6 20. exf6 Re8 21. Be7 Qe3 22. Qxd7 Bc6 23. Qd2 Qxd2 24. Nxd2 Bd5 25. Bg4 Bc6 26. Nf3 h5 27. Bh3 c3 28. b3 Bxf3 29. gxf3 a6 30. a4 Rb8 31. axb5 Rxb5 32. b4 Nc6 33. Bd7 Rd5 34. Bxc6 Rd2 35. Be4 h4 36. Rxa6 h3 37. Ra1 Rd7 38. b5 Kh7 39. b6 Kh6 40. b7 g5 41. b8=Q g4 42. Qf4+ Kh5 43. Qxg4+ Kh6 44. Bf8# 1-0

[Variant "Standard"]
[Site "Europe Echecs"]

[Event "Championnat du monde jeunes U12F"]
[Date "2024.11.22"]
[White "Budhram, Kaylee"]
[Black "Kovalskyy, Alicia"]
[WhiteElo "1614"]
[BlackElo "1871"]
[Round "7.28"]
[Result "1/2-1/2"]
[TimeControl "5400+30"]

1. d4 d5 2. c4 e6 3. Nf3 Nf6 4. g3 Be7 5. Bg2 O-O 6. O-O c6 7. Qc2 b6 8. Rd1 Ba6 9. Nc3 Bxc4 10. Ne5 Ba6 11. e4 Qc7 12. Bf4 Nh5 13. Be3 Nd7 14. Qa4 Bb7 15. exd5 b5 16. Qb3 exd5 17. Rac1 Qd8 18. Nxd7 Qxd7 19. Qc2 a5 20. Re1 Rfe8 21. Bf3 Nf6 22. Bg2 h6 23. Qd2 Bd6 24. h3 Qf5 25. Ne2 Bb4 26. Nc3 Ne4 27. Qc2 Nd6 28. Qxf5 Nxf5 29. Kf1 Ba6 30. g4 Nxe3+ 31. Rxe3 Bxc3 32. bxc3 Rxe3 33. fxe3 Re8 34. Kf2 f6 35. Bf3 Kf7 36. Rb1 Ke6 37. Be2 Kd6 38. Bd3 Rb8 39. Ra1 Bc8 40. Rb1 Bd7 41. Be2 f5 42. Kg3 Re8 43. Kf3 Re4 44. Rg1 g5 45. Bd3 fxg4+ 46. hxg4 Re6 47. Re1 Rf6+ 48. Kg3 Be6 1/2-1/2

[Variant "Standard"]
[Site "Europe Echecs"]

[Event "Championnat du monde jeunes U12F"]
[Date "2024.11.22"]
[White "Sunea, Sara Maria"]
[Black "Ordonez Alarcon, Daniela"]
[WhiteElo "1823"]
[BlackElo "1606"]
[Round "7.29"]
[Result "1-0"]
[TimeControl "5400+30"]

1. e4 e5 2. Bc4 Nf6 3. d3 Nc6 4. Nc3 Bb4 5. Ne2 d5 6. exd5 Nxd5 7. Bd2 Be6 8. Bb5 Qd7 9. O-O Bxc3 10. Nxc3 a6 11. Ba4 O-O 12. Re1 b5 13. Bb3 f5 14. Qf3 Nd4 15. Qd1 Qd6 16. Ne2 Nxb3 17. axb3 f4 18. f3 Rf6 19. Nc3 Rg6 20. Kh1 Re8 21. Nxd5 Bxd5 22. Bxf4 Qf6 23. Bg3 h5 24. c4 Bb7 25. Bf2 Rf8 26. Re3 h4 27. h3 Qg5 28. Qf1 Qh5 29. Rae1 Rxf3 30.
gxf3 Bxf3+ 31. Kh2 Rg2+ 32. Qxg2 Bxg2 33. Kxg2 Qg5+ 34. Kf1 Qf5 35. Ke2 g5 36. Rg1 Kh7 37. Rg4 Qf6 38. Rf3 Qg6 39. Be3 bxc4 40. bxc4 Qe6 41. Bxg5 a5 42. Rxh4+ Kg8 43. Rg4 Kh7 44. Rf6 Qe8 45. Be3 Qh5 46. Rh6+ Qxh6 47. Bxh6 Kxh6 48.
Rg8 Kh5 49. Kf2 Kh4 50. Kg2 Kh5 51. Kf3 Kh4 52. Ke4 Kxh3 53. Kxe5 Kh4 54. Ke4
1-0

[Variant "Standard"]
[Site "Europe Echecs"]

[Event "Championnat du monde jeunes U12F"]
[Date "2024.11.22"]
[White "Jacome Revelo, Daniela Alexandra"]
[Black "Chen, Pin-I"]
[WhiteElo "1764"]
[BlackElo "1601"]
[Round "7.30"]
[Result "0-1"]
[TimeControl "5400+30"]

1. e4 c6 2. Nf3 d5 3. exd5 cxd5 4. Ne5 Nf6 5. d4 Bf5 6. c3 Nbd7 7. Nd2 e6 8. g4 Bg6 9. Nxg6 hxg6 10. Bd3 Bd6 11. h3 Qc7 12. Nf3 Nxg4 13. Ng5 Ngf6 14. Qe2 Nf8 15. Bb5+ N6d7 16. Kd1 a6 17. Bd3 Bf4 18. Qf3 Bxg5 19. Bxg5 Nh7 20. Bf4 Qb6 21. Kc2 Nhf6 22. Rhe1 Rc8 23. Qe3 Qc6 24. a4 Nb6 25. Bxg6 Nc4 26. Qxe6+ Qxe6 27. Rxe6+ Kf8 28. Bxf7 Kxf7 29. Rae1 Rce8 30. Rxe8 Rxe8 31.
Rxe8 Nxe8 32. b4 b5 33. a5 Kf6 34. Kd3 Kf5 35. Bg3 Nf6 36. f3 Nh5 37. Bh2 Nf4+ 38. Kc2 Nxh3 39.
Bg3 Ng5 40. f4 Ne6 41. Bh2 Nxf4 42.
Bxf4 Kxf4 43. Kb3 g5 44. Ka2 g4 45. Kb3 g3 46. Ka2 g2 47. Kb3 g1=Q 48. Ka2 Qf2+ 49. Kb3 Qb2# 0-1

[Variant "Standard"]
[Site "Europe Echecs"]

[Event "Championnat du monde jeunes U12F"]
[Date "2024.11.22"]
[White "Muradova, Nebahat"]
[Black "Alcantara, Levanah"]
[WhiteElo "1626"]
[BlackElo "1753"]
[Round "7.31"]
[Result "0-1"]
[TimeControl "5400+30"]

1. d4 d5 2. c4 e6 3. Nc3 Be7 4. Nf3 Nf6 5. Bg5 O-O 6. e3 a6 7. Bd3 dxc4 8. Bxc4 b5 9. Bd3 Bb7 10. O-O Nbd7 11. a3 c5 12. Qe2 Qb6 13. Ne5 Rfd8 14. Nxd7 Rxd7 15. dxc5 Qxc5 16. Bxf6 Bxf6 17. Rac1 Qb6 18. Rfd1 Rad8 19. h3 g6 20. Bb1 Be5 21. Rxd7 Rxd7 22. Na2 Qd8 23. Nb4 Rd2 24. Qg4 h5 0-1

[Variant "Standard"]
[Site "Europe Echecs"]

[Event "Championnat du monde jeunes U12F"]
[Date "2024.11.22"]
[White "Radenkovic, Lena"]
[Black "Zavivaeva, Angelina"]
[WhiteElo "1675"]
[BlackElo "1499"]
[Round "7.33"]
[Result "0-1"]
[TimeControl "5400+30"]

1. Nf3 d5 2. g3 Nf6 3. Bg2 c6 4. O-O Bg4 5. d3 Nbd7 6. Nbd2 e5 7. Qe1 Be7 8. c3 O-O 9. e4 Qc7 10. d4 Bxf3 11. Bxf3 dxe4 12. Nxe4 exd4 13. cxd4 Rfe8 14. Nxf6+ Bxf6 15. Qd1 Rad8 16. d5 Nb6 17. Bf4 Be5 18. Re1 Bxf4 19. Rxe8+ Rxe8 20. gxf4 cxd5 21. Qb3 Qxf4 22. Bxd5 Nxd5 23. Qxd5 Qg4+ 24. Kh1 Qe4+ 25.
Qxe4 Rxe4 26. Rd1 g6 27. Kg2 Re2 28. Rb1 Kg7 29. Kf1 Rc2 30. a3 b5 31. b4 Rc3 32. Ra1 a6 33. a4 Rb3 34. axb5 axb5 35. Ra6 Rxb4 36. Rb6 Rb1+ 37. Ke2 b4 38. Kd3 Rb2 39. Ke3 b3 40. h4 f5 41. f3 Kh6 42. Kd3 Kh5 43. Kc3 Rf2 44. Kxb3 Rxf3+ 45. Kc2 Kxh4 46. Rb7 h5 47. Kd2 g5 48. Ke2 Kg3 49. Rh7 h4 50. Rh6 g4 51. Rh8 h3 52. Rh5 h2 53. Rh8 Kg2 54. Rh5 h1=Q 55. Rxh1 Kxh1 0-1

[Variant "Standard"]
[Site "Europe Echecs"]

[Event "Championnat du monde jeunes U12F"]
[Date "2024.11.22"]
[White "Potikha, Shelley"]
[Black "Wang, Tianmu"]
[WhiteElo "1561"]
[BlackElo "1640"]
[Round "7.34"]
[Result "1-0"]
[TimeControl "5400+30"]

1. e4 e5 2. Nf3 Nc6 3. Bc4 Bc5 4. b4 Bxb4 5. c3 Ba5 6. d4 exd4 7. Qb3 Qe7 8. O-O Bxc3 9. Nxc3 dxc3 10. Qxc3 Nf6 11. Ba3 d6 12. e5 Ne4 13. Qc2 Nc5 14. Rfe1 Be6 15. h4 h6 16. exd6 cxd6 17. Bxc5 dxc5 18. Bxe6 fxe6 19. Qg6+ Qf7 20. Rxe6+ Kf8 21. Qe4 Rd8 22. Re1 Kg8 23. Qc2 Nd4 24. Nxd4 cxd4 25. Re7 d3 26. Qc7 Qf8 27. Rxg7+ Qxg7 28.
Qxd8+ Kh7 29. Qxd3+ Kg8 30. Re8+ Kf7 31. Qd7+ Kg6 32. Re6+ Kh7 33. Re7 Qxe7 34. Qxe7+ Kg6 35. Qxb7 Re8 36. Qxa7 Re1+ 37. Kh2 Re6 38. a4 Kf5 39. Qf7+ Ke5 40. Qh5+ Kd6 41. Qd1+ Ke7 42. a5 Ra6 43. Qe2+ Re6 44. Qxe6+ Kxe6 45. a6 Kd6 46. a7 Kc7 47. a8=Q h5 48. f4 Kd6 49.
Qf8+ Ke6 50. f5+ Ke5 51. f6 Kf5 52. f7 Kg6 53. Qg8+ Kf5 54. f8=Q+ Ke5 55. Qe7+ Kd4 56. Qgd8+ Kc4 57. Qec7+ Kb4 58. Qdb8+ Ka4 59. Qca7# 1-0

[Variant "Standard"]
[Site "Europe Echecs"]

[Event "Championnat du monde jeunes U12F"]
[Date "2024.11.22"]
[White "Istratova, Nika"]
[Black "Bogomolnikova, Zlata"]
[WhiteElo "1473"]
[BlackElo "1628"]
[Round "7.35"]
[Result "0-1"]
[TimeControl "5400+30"]

1. e4 c5 2. Nf3 a6 3. d4 cxd4 4. Nxd4 Nf6 5. Nc3 e5 6. Nb3 Bb4 7. Bd3 d5 8. exd5 Nxd5 9. Bd2 Nxc3 10. bxc3 Bd6 11. O-O Nd7 12. Qe2 O-O 13. a4 Nf6 14. Bg5 h6 15. Bh4 Re8 16. Nd2 g5 17. Bg3 Kg7 18. Nc4 Bc7 19. Qd1 e4 20. Be2 Bxg3 21. hxg3 Be6 22. Re1 Qc7 23. Qd4 Bxc4 24. Qxc4 Qxc4 25. Bxc4 Rac8 26. Bb3 Rxc3 27. Rad1 Rec8 28. Rd6 R3c5 29. Rb6 R8c7 30. Rd1 R5c6 31. Rd6 Rxb6 32. Rxb6 Rd7 33. Kf1 Ng4 34. Ke2 Nf6 35. Bc4 Ng4 36. Rb2 Ne5 37. Ba2 Nc6 38. Ke3 Kf6 39. c3 Ke5 40. f4+ gxf4+ 41. gxf4+ Kf5 42. Bc4 Na5 43. Be2 Rc7 44. g4+ Ke6 45. Kxe4 Rxc3 46. Rb6+ Rc6 47. Rxc6+ Nxc6 48. Bc4+ Ke7 49.
g5 hxg5 50. fxg5 Nb4 51. Kf5 Nc6 52. g6 fxg6+ 53. Kxg6 Ne5+ 54. Kf5 Nxc4 55. Ke4 Kd6 56. Kd4 b5 57. Kc3 Kc5 58. axb5 axb5 59. Kb3 b4 60. Kc2 Na5 61. Kb2 Kc4 62. Kc2 b3+ 63. Kb2 Kb4 64. Kb1 Ka3 65. Ka1 b2+ 66. Kb1 Nb7 67. Kc2 Ka2 0-1

[Variant "Standard"]
[Site "Europe Echecs"]

[Event "Championnat du monde jeunes U12F"]
[Date "2024.11.22"]
[White "Tsinjoviniavo, Aina Mahasambatra"]
[Black "Li, Yeeshuen"]
[WhiteElo "1716"]
[BlackElo "1546"]
[Round "7.36"]
[Result "1-0"]
[TimeControl "5400+30"]

1. e4 e5 2. Nf3 Nc6 3. d4 exd4 4. Nxd4 Bc5 5. Be3 Qf6 6. c3 d6 7. Bb5 Bd7 8. Qd3 Nge7 9. Nd2 a6 10. Nxc6 Bxe3 11. Qxe3 Nxc6 12. Be2 O-O-O 13. O-O Rde8 14. b4 d5 15. Rfc1 dxe4 16. a4 Nb8 17. c4 Bf5 18. c5 Re6 19. b5 Qh4 20. h3 g5 21. Nf1 h5 22. Qc3 Rhe8 23. Ne3 Bg6 24. g3 Qxh3 25. Bf1 g4 26. Bxh3 gxh3 27. Kh2 h4 28. gxh4 Bh5 29. Kxh3 Rg8 30. Rg1 Reg6 31. Rxg6 Rxg6 32. Qh8+ Kd7 33. Qxh5 Rg7 34. Rd1+ Ke8 35. Qh8+ Ke7 36. Qxg7 Ke6 37. Ng4 Nc6 38. Qf6# 1-0

[Variant "Standard"]
[Site "Europe Echecs"]

[Event "Championnat du monde jeunes U12F"]
[Date "2024.11.22"]
[White "Yang, Hayeon"]
[Black "Ivanova, Gabriela"]
[WhiteElo "1482"]
[BlackElo "1680"]
[Round "7.37"]
[Result "1-0"]
[TimeControl "5400+30"]

1. d4 d5 2. Bf4 Nc6 3. e3 Nf6 4. c4 Bf5 5. Nc3 e6 6. cxd5 Nxd5 7. Nf3 Bd6 8. Bxd6 Qxd6 9. Bd3 Bxd3 10. Qxd3 Ndb4 11. Qd1 O-O 12. O-O Rad8 13. Qb3 Nd5 14. Nxd5 Qxd5 15. Qxd5 Rxd5 16. e4 Rd7 17. Rac1 h6 18. h3 Nxd4 19. Nxd4 Rxd4 20. Rxc7 Rb8 21. f3 Ra4 22. a3 b5 23. Rd1 a5 24. Rdd7 Rc4 25. Ra7 a4 26. Rxf7 Rc2 27. Rxg7+ Kf8 28. Rh7 Kg8 29. Rag7+ Kf8 30. Rc7 Rxc7 31. Rxc7 Kg8 32. Kf2 b4 33. axb4 Rxb4 34. Ra7 Rxb2+ 35. Kg3 Ra2 36. Kf4 a3 37. g4 Ra1 38. Ke5 a2 39. Kxe6 Rh1 40. Rxa2 Rxh3 41. Rf2 h5 42. gxh5 Rxh5 43. f4 Kf8 44. f5 Rh4 45. e5 Rh6+ 46. f6 Ke8 47. Rg2 Kf8 48. Rf2 Ke8 49. Kf5 Rh5+ 50. Ke6 Rh6 51. Kd6 Kd8 52. e6 Ke8 53. f7+ Kf8 54. Kd7 1-0

[Variant "Standard"]
[Site "Europe Echecs"]

[Event "Championnat du monde jeunes U12F"]
[Date "2024.11.22"]
[White "Laurincova, Timea"]
[Black "Busuioc, Amelie"]
[WhiteElo "1549"]
[BlackElo "1581"]
[Round "7.38"]
[Result "1-0"]
[TimeControl "5400+30"]

1. e4 c5 2. Nf3 Nc6 3. d4 cxd4 4. Nxd4 Nf6 5. Nc3 e5 6. Ndb5 d6 7. Bg5 a6 8. Na3 b5 9. Bxf6 Qxf6 10. Nd5 Qd8 11. c3 Be7 12. Nc2 O-O 13. a4 Be6 14. Nxe7+ Qxe7 15. axb5 axb5 16. Bxb5 Na7 17. Bd3 Rfd8 18. O-O Qg5 19. Nb4 Bg4 20. Qc1 Qg6 21. Qe3 h6 22. Qg3 Bd7 23. Qxg6 fxg6 24. Bc4+ Kh8 25. Bd5 Bb5 26. Bxa8 Rxa8 27. Rfd1 Kh7 28. Rxd6 h5 29. h3 1-0

[Variant "Standard"]
[Site "Europe Echecs"]

[Event "Championnat du monde jeunes U12F"]
[Date "2024.11.22"]
[White "Jung, Minju"]
[Black "Mrad, Anahid"]
[WhiteElo "1457"]
[BlackElo "1558"]
[Round "7.39"]
[Result "0-1"]
[TimeControl "5400+30"]

1. e4 e5 2. Nf3 Nc6 3. Bc4 Nf6 4. d3 Bc5 5. c3 d6 6. O-O O-O 7. Re1 Bg4 8. Nbd2 Re8 9. h3 Bh5 10. Nf1 d5 11. exd5 Nxd5 12. Ng3 Bg6 13. b4 Nxc3 14. Qb3 Bd4 15. Bb2 b5 16. Bxc3 bxc4 17. dxc4 Bxc3 18. Qxc3 e4 19. Nd2 Qd3 20. Qxd3 exd3 21. f4 f5 22. Rab1 Nd4 23. Kf2 Ne6 24. Kf3 Rad8 25. Re3 Rd4 26. Kf2 Rxf4+ 27. Kg1 Rd4 28. Rbe1 Kf7 29. Nh1 Rdd8 30. Nf2 Nf4 31. Rxe8 Rxe8 32. Rxe8 Kxe8 33. Kh2 Ke7 34.
Kg3 Ne2+ 35. Kf3 f4 36. Nfe4 Bxe4+ 37.
Kxe4 Nc3+ 38. Kxd3 Nxa2 39. b5 Ke6 40. Ke4 g5 41. Nf3 Kf6 42. Kd5 Nb4+ 43. Kc5 a5 44. bxa6 Nxa6+ 45. Kc6 h5 46. Kb7 g4 47. hxg4 hxg4 48. Kxa6 gxf3 49. gxf3 Ke5 50. Kb5 Kd4 51. c5 Kd5 52. c6 Kd6 53. Kb4 Kxc6 54. Kc4 Kb6 55. Kb4 c5+ 56. Kc4 Kc6 57. Kc3 Kd5 58. Kd3 c4+ 59. Kc3 Kc5 60. Kc2 Kd4 61. Kd2 c3+ 62. Kc2 Ke3 63. Kxc3 Kxf3 64. Kd3 Kg2 65. Ke2 f3+ 66. Ke3 f2 67. Ke4 f1=Q 68. Ke5 Qc4 69. Kf5 Qe2 70. Kf4 Kf2 71. Kf5 Kf3 72. Kg5 Qe6 73. Kh5 Kf4 74. Kh4 Qg4# 0-1

[Variant "Standard"]
[Site "Europe Echecs"]

[Event "Championnat du monde jeunes U12F"]
[Date "2024.11.22"]
[White "Hrckova, Anna"]
[Black "Dzafic, Merjem"]
[WhiteElo "1441"]
[BlackElo "1568"]
[Round "7.41"]
[Result "1-0"]
[TimeControl "5400+30"]

1. e4 c6 2. d4 d5 3. exd5 cxd5 4. Bd3 Nc6 5. c3 Nf6 6. h3 e6 7. Nf3 Bd6 8. O-O O-O 9. Bg5 h6 10. Bh4 Bd7 11. Re1 Be7 12. Nbd2 Qc7 13. Ne5 Rac8 14. Ndf3 Rfd8 15. Rc1 Na5 16. b3 a6 17. Qd2 Qb6 18. Ng4 Nxg4 19. Bxe7 Re8 20. Bc5 Qc7 21. hxg4 b6 22. Bb4 b5 23. Ne5 Nc6 24. Ba3 Nxe5 25. dxe5 Qa5 26. Bb4 Qc7 27. g5 hxg5 28. Qxg5 g6 29. Bxg6 fxg6 30. Qxg6+ Kh8 31. Re3 1-0

[Variant "Standard"]
[Site "Europe Echecs"]

[Event "Championnat du monde jeunes U12F"]
[Date "2024.11.22"]
[White "Hiznicenco, Valeria"]
[Black "Groselj, Mirjam"]
[WhiteElo "1513"]
[BlackElo "1470"]
[Round "7.42"]
[Result "1/2-1/2"]
[TimeControl "5400+30"]

1. e4 e5 2. Nf3 Nc6 3. Nc3 Nf6 4. a3 Bc5 5. Nxe5 Nxe5 6. d4 Bxd4 7. Qxd4 Nc6 8. Qd1 h6 9. Bc4 O-O 10. O-O d6 11. f3 Be6 12. Nd5 Ne5 13. Nxf6+ Qxf6 14. Bxe6 fxe6 15. Bd2 Rf7 16. Bc3 Raf8 1/2-1/2

[Variant "Standard"]
[Site "Europe Echecs"]

[Event "Championnat du monde jeunes U12F"]
[Date "2024.11.22"]
[White "Petrusic, Dusica"]
[Black "Liu, Lillian Yu-Ning"]
[WhiteElo "1498"]
[BlackElo "1456"]
[Round "7.43"]
[Result "1/2-1/2"]
[TimeControl "5400+30"]

1. e4 e5 2. Nf3 Nc6 3. Bb5 a6 4. Ba4 Nf6 5. d3 h6 6. O-O b5 7. Bb3 Be7 8. c3 O-O 9. Re1 d6 10. h3 Be6 11. Bc2 Qd7 12. Kh2 d5 13. Nbd2 Bd6 14. Nf1 b4 15. Ng3 a5 16. Nh4 d4 17. c4 Ne7 18. Qf3 a4 19. Bxh6 gxh6 20. Qxf6 Kh7 21. Nhf5 Nxf5 22. Nxf5 Bxf5 23. Qxf5+ Qxf5 24. exf5 e4+ 25. Kg1 exd3 26. Bxd3 a3 27. b3 Rfe8 1/2-1/2

[Variant "Standard"]
[Site "Europe Echecs"]

[Event "Championnat du monde jeunes U12F"]
[Date "2024.11.23"]
[White "Allahverdi, Zahra"]
[Black "Venskaya, Nika"]
[WhiteElo "1718"]
[BlackElo "1871"]
[Round "8.1"]
[Result "0-1"]
[TimeControl "5400+30"]

1. e4 d6 2. d4 Nf6 3. Nc3 g6 4. Nf3 Bg7 5. Bc4 c6 6. a4 O-O 7. O-O Qc7 8. e5 dxe5 9. Nxe5 Nbd7 10. Qe2 Nb6 11. Bb3 Nbd5 12. Nxd5 Nxd5 13. c4 Nf6 14. Bd2 Bf5 15. g4 Be6 16. a5 Rad8 17. Bc3 Qc8 18. f3 Ne8 19. Qf2 f6 20. Nd3 Bf7 21. Rad1 Nd6 22. Nc5 b6 23. axb6 axb6 24. Na4 b5 25. Ba5 bxa4 26. Bxd8 Rxd8 27. Bxa4 Bxc4 28. Rfe1 Qc7 29. Qe3 Bf8 30. Rc1 Bf7 31. Bb3 Qb6 32. Rc3 Nb5 33. Bxf7+ Kxf7 34. Qe6+ Kg7 35. Qxc6 Qxd4+ 36. Rce3 Nd6 37.
Kh1 Nf7 38. Qc3 Qf4 39. b4 Rb8 40. Re4 Qd6 41. Rd4 Qb6 42. Rb1 Nd6 43. Qd2 Qc6 44. Qd3 Rb5 45. Qb3 h5 46. h3 Re5 47. Rd2 Qb6 48. gxh5 Rxh5 49. Rh2 Nf5 0-1

[Variant "Standard"]
[Site "Europe Echecs"]

[Event "Championnat du monde jeunes U12F"]
[Date "2024.11.23"]
[White "Xue, Tianhao"]
[Black "Tong Thai Hoang An"]
[WhiteElo "1835"]
[BlackElo "1869"]
[Round "8.2"]
[Result "1-0"]
[TimeControl "5400+30"]

1. e4 c5 2. Nf3 d6 3. d4 cxd4 4. Nxd4 Nf6 5. Nc3 g6 6. Be3 a6 7. f3 h5 8. Qd2 Bg7 9. h3 b5 10. a4 bxa4 11. Nxa4 Nbd7 12. Be2 Bb7 13. O-O d5 14. exd5 Nxd5 15. Bf2 Bh6 16. Qd3 e5 17. Qb3 Nf4 18. Qxb7 O-O 19. g3 Nxh3+ 20. Kg2 Nxf2 21. Nc6 Qg5 22.
Qxd7 h4 23. Rxf2 f5 24. Qe6+ Kh8 25.
Qxe5+ Rf6 26. Rh1 Qxg3+ 27. Qxg3 hxg3 28.
Kxg3 Rxc6 29. Rxh6+ Kg7 30. Rfh2 Rxc2 31. Rh7+ Kf6 32. Nb6 Rd8 33. Nd7+ Ke6 34. b4 Kd6 35. Nc5 Re8 36. Rd7+ Ke5 37. f4+ Kf6 38. Rhh7 Rxc5 39. Rhf7+ Ke6 40. bxc5 1-0

[Variant "Standard"]
[Site "Europe Echecs"]

[Event "Championnat du monde jeunes U12F"]
[Date "2024.11.23"]
[White "Amanzhol, Khanzada"]
[Black "Tran Le Vy"]
[WhiteElo "1780"]
[BlackElo "1854"]
[Round "8.3"]
[Result "1-0"]
[TimeControl "5400+30"]

1. e4 e5 2. Nf3 Nc6 3.
d4 exd4 4. Nxd4 Bc5 5.
Be3 Qf6 6. Nb5 Bxe3 7. fxe3 Qh4+ 8. g3 Qxe4 9. Nxc7+ Kd8 10. Nxa8 Qxh1 11. Qd6 Nf6 12. Nc3 Qf3 13. Qc7+ Ke7 14. Qf4 Qxf4 15. exf4 Kd8 16. O-O-O b6 17. Nb5 Bb7 18. Nd6 Bxa8 19. Nxf7+ Ke7 20. Nxh8 Kf8 21. g4 Ne7 22. g5 Nfd5 23. c4 Nxf4 24. Rxd7 Ne6 25. Bh3 Bc6 26. Rd6 Nc5 27. Rd8+ Be8 28. b4 Nc6 29. Rc8 Nxb4 30. g6 Nbd3+ 31. Kd2 hxg6 32. Nxg6+ Kf7 33. Bf5 Nb4 34. Bb1 a5 35. a3 Nba6 36. Ke3 Ba4 37. Bf5 Ne6 38. Bxe6+ Kxe6 39. Nf4+ Ke5 40. Nd5 Bc2 41. Nxb6 g6 42. Ra8 Nc5 43. Rxa5 Kd6 44. Nd5 Bf5 45. Rb5 Na4 46. Kd4 Bd7 47. Ra5 g5 48. Ra6+ Bc6 49. Nb4 Nb2 50. Rxc6+ Kd7 51. Rg6 Na4 52. Rxg5 Ke7 53. h4 Kf6 54. Nd5+ Kf7 55. h5 Nb2 56. h6 Na4 57. h7 Nb2 58. h8=Q Na4 59. Qf6+ Ke8 60. Qe7# 1-0

[Variant "Standard"]
[Site "Europe Echecs"]

[Event "Championnat du monde jeunes U12F"]
[Date "2024.11.23"]
[White "Li, Sophie"]
[Black "Mozolevskaya, Tatyana Nik"]
[WhiteElo "1798"]
[BlackElo "1775"]
[Round "8.4"]
[Result "0-1"]
[TimeControl "5400+30"]

1. e4 g6 2. d4 Bg7 3. f4 d6 4. Nc3 a6 5. Nf3 b5 6. a3 Nd7 7. Be3 Bb7 8. e5 Nh6 9. h3 O-O 10. Bd3 c5 11. d5 b4 12. axb4 cxb4 13. Na2 dxe5 14. fxe5 Bxd5 15. Nxb4 Bxf3 16. gxf3 Nxe5 17. Be4 Rb8 18. Qxd8 Rfxd8 19. Bc5 Rb5 20. Nxa6 Rxb2 21.
Bxe7 Re8 22. Ba3 Nxf3+ 23. Kf2 Ng5 24.
Bxb2 Nxe4+ 25. Kf3 Bxb2 26. Rae1 Ng5+ 27. Kf4 Ne6+ 28. Kf3 Rc8 29. Rb1 Rxc2 30. Nb4 Rc3+ 31. Ke2 Ba3 32. Nd5 Rc8 33. Rb7 Nf5 34. Ra1 Bc5 35. Rc1 Rd8 36. Nf6+ Kg7 37. Ne4 Be3 38. Rc3 Bd4 39. Rc1 Nd6 40. Nxd6 Rxd6 41. Rf1 Bf6 42. Ke3 Ra6 43. h4 Ra3+ 44. Kd2 Rh3 45. Rfb1 Rxh4 46. Rd7 Rd4+ 47. Rxd4 Nxd4 48. Kd3 Nf5 49. Ke4 h5 50. Kf4 Ne7 51. Rb7 g5+ 52. Kg3 Nf5+ 53. Kh3 g4+ 54. Kg2 Kg6 55. Rb4 Be5 56. Ra4 Kg5 57. Rb4 h4 58. Re4 f6 59. Kf2 h3 60. Kg1 g3 61. Ra4 Bd4+ 62. Kh1 g2+ 0-1

[Variant "Standard"]
[Site "Europe Echecs"]

[Event "Championnat du monde jeunes U12F"]
[Date "2024.11.23"]
[White "Qiu, Laurie"]
[Black "Jordan, Christina"]
[WhiteElo "1994"]
[BlackElo "1803"]
[Round "8.5"]
[Result "0-1"]
[TimeControl "5400+30"]

1. e4 c5 2. Nc3 a6 3. g3 b5 4. Bg2 Bb7 5. d3 d6 6. Nh3 Nf6 7. O-O e6 8. f4 Nc6 9. e5 Nd7 10. exd6 Bxd6 11. f5 exf5 12. Rxf5 O-O 13. Ng5 h6 14. Nxf7 Rxf7 15. Rxf7 Kxf7 16. Bd5+ Kf8 17. Qh5 Qe8 18. Qf5+ Nf6 19. Bxh6 Qe5 20. Qg6 Qd4+ 21. Kg2 Nxd5 22. Qxd6+ Nce7 23. Bxg7+ Kxg7 24. Ne4 Ne3+ 25. Kg1 Nxc2+ 26. Qxd4+ Nxd4 27. Nxc5 Bc6 28.
h4 Nef5 29. Kh2 Ne2 30. g4 Nxh4 31. Kh3 Rh8 32. g5 Ng2+ 33. Kg4 Ne3# 0-1

[Variant "Standard"]
[Site "Europe Echecs"]